 Dungeon Crawl Stone Soup version 0.28.0-43-g3370ac3207 (webtiles) character file.

Game seed: 17123760828467399798

156 Peloso the Covered (level 5, -7/47 HPs)
             Began as a Minotaur Fighter on Mar 1, 2022.
             Killed by divine providence
             ... invoked by an orc priest
              (10 damage)
             ... on level 5 of the Dungeon.
             The game lasted 00:03:13 (2016 turns).

Peloso the Covered (Minotaur Fighter)               Turns: 2016, Time: 00:03:14

Health: -7/47      AC:  7    Str: 21    XL:     5   Next: 14%
Magic:  4/4        EV:  9    Int:  5    God:
Gold:   64         SH:  4    Dex: 11    Spells: 4/4 levels left

rFire   . . .      SeeInvis .   a - +0 long sword
rCold   . . .      Faith    .   c - +0 buckler
rNeg    . . .      Spirit   .   b - +0 scale mail
rPois   .          Reflect  .   (helmet restricted)
rElec   .          Harm     .   (no cloak)
rCorr   .          Rampage  .   (no gloves)
Will    .....                   (no boots)
Stlth   ..........              (no amulet)
HPRegen 0.15/turn               (no ring)
MPRegen 0.09/turn               (no ring)

@: no status effects
A: horns 2, retaliatory headbutt
a: no special abilities


You were on level 5 of the Dungeon.
You visited 1 branch of the dungeon, and saw 4 of its levels.

You collected 64 gold pieces.

Inventory:

Hand Weapons
 a - a +0 long sword (weapon)
Armour
 b - a +0 scale mail (worn)
 c - a +0 buckler (worn)
Scrolls
 f - a scroll of blinking {unknown}
 g - a scroll of teleportation
 i - a scroll of noise
 l - a scroll of amnesia {unknown}
 m - a scroll of enchant armour
 n - a scroll of vulnerability {unknown}
Potions
 d - a potion of might
 h - 2 potions of haste
 j - a potion of curing
 k - a potion of heal wounds


   Skills:
 + Level 4.3 Fighting
 + Level 4.1 Long Blades
 + Level 4.8 Armour
 + Level 1.2 Dodging
 + Level 0.4 Stealth
 + Level 4.3 Shields


You had 4 spell levels left.
You didn't know any spells.
Your spell library was empty.

Dungeon Overview and Level Annotations

Branches:
Dungeon (3/15)

Altars:

Shops:
D:5 (!


Innate Abilities, Weirdness & Mutations

You have a pair of horns on your head.
You reflexively headbutt those who attack you in melee.


Message History

You feel sick. The adder bites you but does no damage.
The adder completely misses you.
You slash the adder!
You kill the adder!
You feel sick.
You are no longer poisoned.
You now have 64 gold pieces (gained 11).
A quokka comes into view.
Found 7 gold pieces.
The quokka bites you but does no damage.
You hit the quokka.
The quokka is heavily wounded.
The quokka closely misses you. You furiously retaliate!
You headbutt the quokka. You hit the quokka.
You kill the quokka!
Found a whip.
A sourceless malevolence fills the Dungeon...
You fall into a shaft and drop 2 floors!
The shaft crumbles and collapses.
Found a human corpse and a hand axe.
Found Jekiuboc's Weapon Boutique.
There is an entrance to Jekiuboc's Weapon Boutique here.
An orc priest comes into view. It is wielding a +0 hand axe.
Found 6 gold pieces.
Found Muvy's Distillery.
Found a stone staircase leading down.
The orc priest shouts!
You hear a shout!
An orc wizard comes into view. It is wielding a +0 dagger.
An orc comes into view. It is wielding a +0 dagger.
An orc comes into view. It is wielding a +0 whip.
The orc priest calls down the wrath of Beogh upon you.
Beogh smites you!
* * * LOW HITPOINT WARNING * * *
The orc wizard shouts!
The orc priest invokes the aid of Beogh against you.
Beogh smites you!
* * * LOW HITPOINT WARNING * * *
The orc priest hits you but does no damage.
The orc priest invokes the aid of Beogh against you.
Beogh smites you!
You die...

###########
#.........#
#.##...##.#
#.#..)..#.#
#.........#
##...∩....#
#........#
##...†.#.########
##...##.......@#
##.##########o#
#.#


ooo# #.# ...... #.# ##..>#.# #.# #....... #....$..# #..∩.. .. You could see an
orc priest, an orc wizard and 2 orcs.

Vanquished Creatures
  A sky beast (D:3)
  2 adders (D:3)
  3 dart slugs
  2 endoplasms
  A giant cockroach (D:2)
  5 goblins
  A hobgoblin (D:1)
  4 quokkas
  3 ball pythons
  3 bats (D:2)
  3 frilled lizards (D:1)
  2 kobolds (D:1)
  4 rats
34 creatures vanquished.

Notes
Turn   | Place    | Note
-------+----------+-------------------------------------------
     0 | D:1      | Peloso the Minotaur Fighter began the quest for the Orb.
     0 | D:1      | Reached XP level 1. HP: 19/19 MP: 0/0
   365 | D:1      | Reached XP level 2. HP: 26/27 MP: 1/1
  1373 | D:2      | Reached XP level 3. HP: 33/33 MP: 2/2
  1915 | D:3      | Noticed a sky beast
  1926 | D:3      | Killed a sky beast
  1927 | D:3      | Reached skill level 1 in Dodging
  1927 | D:3      | Reached XP level 4. HP: 13/40 MP: 3/3
  1927 | D:3      | Reached XP level 5. HP: 15/46 MP: 4/4
  1991 | D:3      | You fall into a shaft and drop 2 floors!
  1991 | D:5      | Entered Level 5 of the Dungeon
  1991 | D:5      | Found Jekiuboc's Weapon Boutique.
  2009 | D:5      | Found Muvy's Distillery.
  2014 | D:5      | HP: 2/47 [orc priest/divine providence (9)]
  2016 | D:5      | Killed from afar by an orc priest

Illustrated notes

Levels and vault maps discovered:
D:1:      lightli_arrival_chessboard, layout_basic
D:2:      layout_loops_corners, grunt_ministairs_6
D:3:      layout_basic, cheibrodos_sewer_entry_bend, uniq_terence
D:5:      layout_loops_ring, trog_wizard, serial_shops,
          nicolae_shop_bloodbath_and_beyond, nicolae_shop_overgrown_old_shop,
          shop, shop, ebering_ghost_rock_garden, minmay_misc_feat_four_crosses,
          minivault_11

Skill      XL: |  1  2  3 |
---------------+----------+-----
Shields        | 4 |  4.3
Armour         | 4 |  4.8
Fighting       | 4 |  4.3
Long Blades    | 4 |  4.1
Dodging        | 1 |  1.2
Stealth        | |  0.4

Action                   |  1- 3 |  4- 6 || total
-------------------------+-------+-------++-------
Melee: Long sword        |    81 |     8 ||    89
       Headbutt          |    14 |       ||    14
  Use: Scroll            |     6 |       ||     6
Armor: Scale mail        |    39 |     6 ||    45
Dodge: Dodged            |    36 |     4 ||    40
Block: Buckler           |    22 |       ||    22
